 Dungeon Crawl Stone Soup version 0.27-a0-1291-geefcff550b (webtiles) character file.

Game seed: 10083460100091137955

252 porpoise the Skirmisher (level 5, 0/44 HPs)
             Began as a Demonspawn Wanderer on June 16, 2021.
             Succumbed to a scorpion's poison
             ... on level 3 of the Dungeon.
             The game lasted 00:13:24 (4626 turns).

porpoise the Skirmisher (Demonspawn Wanderer)       Turns: 4626, Time: 00:13:25

Health: 0/44       AC:  5    Str: 20    XL:     5   Next: 89%
Magic:  1/8        EV: 13    Int: 14    God:
Gold:   114        SH:  0    Dex: 11    Spells: 6/8 levels left

rFire    + . .     SeeInvis .   a - +1 dagger (flame)
rCold    + + .     Faith    .   (no shield)
rNeg     . . .     Spirit   +   s - +1 leather armour {rC+}
rPois    .         Reflect  .   l - +0 helmet
rElec    .         Harm     .   e - scarf {rC+ rF+}
rCorr    .         Rampage  .   (no gloves)
Will     .....                  (no boots)
Stlth    +.........             h - amulet of guardian spirit
HPRegen  0.14/turn              t - +6 ring of strength
MPRegen  0.11/turn              (no ring)

@: lethally poisoned (0 -> -6)
A: claws 1, repulsion field 1, powered by death 1
a: no special abilities


You were on level 3 of the Dungeon.
You visited 1 branch of the dungeon, and saw 3 of its levels.

You collected 114 gold pieces.

Inventory:

Hand Weapons
 a - a +1 dagger of flaming (weapon)
 b - a +0 hunting sling
 w - a +0 spear
Missiles
 i - 32 poisoned darts (quivered)
 o - 21 arrows
 r - 50 stones
 u - 2 boomerangs
 x - 21 bolts
 y - 15 sling bullets
Armour
 d - a +2 leather armour
 e - a scarf of resistance (worn)
 l - a +0 helmet (worn)
 s - a +1 leather armour of cold resistance (worn)
Magical Staves
 q - a staff of conjuration
Jewellery
 h - an amulet of guardian spirit (around neck)
 t - a +6 ring of strength (left claw)
Scrolls
 c - a scroll of brand weapon {unknown}
 g - a scroll of enchant armour {unknown}
 m - 2 scrolls of identify {unknown}
 n - a scroll of summoning {unknown}
 p - 2 scrolls of noise {unknown}
Potions
 k - a potion of brilliance


   Skills:
 + Level 5.0 Fighting
 - Level 2.0 Polearms
 - Level 1.7 Dodging
 - Level 1.7 Stealth
 + Level 2.4 Unarmed Combat
 - Level 2.0 Spellcasting
 - Level 1.0 Air Magic


You had 6 spell levels left.
You knew the following spells:

 Your Spells              Type           Power      Damage    Failure   Level
a - Shock                 Conj/Air       8%         1d3       22%         1
r - Corona                Hex            1%         N/A       28%         1

Your spell library contained the following spells:

 Spells                   Type           Power      Damage    Failure   Level
 Animate Skeleton         Necr           2%         N/A       28%         1
 Apportation              Tloc           2%         N/A       28%         1
 Summon Small Mammal      Summ           4%         N/A       28%         1
 Mephitic Cloud           Conj/Pois/Air  2%         N/A       58%         3
 Inner Flame              Hex/Fire       1%         N/A       63%         3


Dungeon Overview and Level Annotations

Branches:
Dungeon (3/15)

Altars:
Fedhas
Okawaru

Shops:
D:3 [


Innate Abilities, Weirdness & Mutations

You have sharp fingernails.
You are surrounded by a mild repulsion field. (EV +2)
You regenerate a little health from kills.


Message History

The scorpion is lightly wounded.
The scorpion stings you!
You barely miss the scorpion.
The scorpion is lightly wounded.
The scorpion stings you but does no damage.
The scorpion barely misses you.
You closely miss the scorpion.
The scorpion is lightly wounded.
The scorpion misses you.
You barely miss the scorpion. Your claw misses the scorpion.
The scorpion stings you.
You hit the scorpion but do no damage. Your claw misses the scorpion.
The scorpion stings you but does no damage.
You closely miss the scorpion. The scorpion stings you!
You hit the scorpion but do no damage. The scorpion barely misses you.
The scorpion stings you.
You hit the scorpion but do no damage. The scorpion completely misses you.
You hit the scorpion but do no damage. The scorpion stings you.
You closely miss the scorpion. The scorpion closely misses you.
You hit the scorpion but do no damage. The scorpion closely misses you.
You hit the scorpion. You burn the scorpion.
The scorpion is moderately wounded.
The scorpion closely misses you. The scorpion stings you!
* * * LOW HITPOINT WARNING * * *
You hit the scorpion but do no damage.
The scorpion is moderately wounded.
The scorpion misses you.
You hit the scorpion. You burn the scorpion.
The scorpion is heavily wounded.
The scorpion stings you!
* * * LOW HITPOINT WARNING * * *
You are lethally poisoned!
The scorpion poisons you!
You hit the scorpion but do no damage.
The scorpion is heavily wounded.
* * * LOW HITPOINT WARNING * * *
You feel sick. The scorpion barely misses you.
You hit the scorpion but do no damage.
The scorpion is heavily wounded.
You die...

#..# #.###.# #.###
#..###.###.###.##.
#.................
#.####.........##.
#.# ######.#######
#.# #...........).
#.# #.####........
#.###(# #########
#@s..(# #######


You could see a scorpion.

Vanquished Creatures
  A phantom (D:3)
  7 gnolls
  3 adders (D:2)
  2 worms
  4 dart slugs
  An orc (D:2)
  12 ball pythons
  3 bats
  2 endoplasms (D:2)
  2 giant cockroaches
  8 hobgoblins
  7 jackals
  A quokka (D:3)
  5 frilled lizards
  4 goblins
  3 kobolds
  4 rats
69 creatures vanquished.

Notes
Turn   | Place    | Note
-------+----------+-------------------------------------------
     0 | D:1      | porpoise the Demonspawn Wanderer began the quest for the
                  | Orb.
     0 | D:1      | porpoise set off with the following items: a +0 club, a +2
                  | leather armour, a +0 dagger; and the following spells
                  | available to memorise: Shock, Corona, Mephitic Cloud, Inner
                  | Flame
     0 | D:1      | Reached XP level 1. HP: 15/15 MP: 3/3
     2 | D:1      | Learned a level 1 spell: Shock
     4 | D:1      | Learned a level 1 spell: Corona
   355 | D:1      | Reached skill level 2 in Fighting
   366 | D:1      | Gained mutation: You are surrounded by a mild repulsion
                  | field. (EV +2) [demonic ancestry]
   366 | D:1      | Reached XP level 2. HP: 22/22 MP: 5/5
  1215 | D:2      | Reached skill level 3 in Fighting
  1328 | D:2      | Gained mutation: You have sharp fingernails. [demonic
                  | ancestry]
  1328 | D:2      | Reached XP level 3. HP: 29/29 MP: 6/6
  1660 | D:2      | Found a faded altar of an unknown god.
  2435 | D:2      | Reached skill level 4 in Fighting
  2435 | D:2      | Reached XP level 4. HP: 9/37 MP: 1/7
  3141 | D:2      | Reached skill level 1 in Polearms
  3819 | D:3      | Found a large runed translucent door.
  3822 | D:3      | Found a large runed translucent door.
  3884 | D:3      | Found a blossoming altar of Fedhas.
  3949 | D:3      | Found an iron altar of Okawaru.
  3999 | D:3      | Gained mutation: You regenerate a little health from kills.
                  | [demonic ancestry]
  3999 | D:3      | Reached XP level 5. HP: 43/43 MP: 8/8
  4142 | D:3      | Noticed a phantom
  4231 | D:3      | Killed a phantom
  4232 | D:3      | Reached skill level 5 in Fighting
  4509 | D:3      | Found Gahyx's Antique Armour Shop.
  4625 | D:3      | HP: 2/44 [poisoned by a scorpion]
  4626 | D:3      | Succumbed to a scorpion's poison

Illustrated notes

Levels and vault maps discovered:
D:1:      lemuel_arrival_tunnels, layout_basic
D:2:      minmay_door_path, layout_basic, hellmonk_ecumenical_altar_arch_garden
D:3:      layout_loops_ring, jmf_multi_god_temple2, serial_shops, shop_statue,
          nicolae_shop_temple_entry_statues_fountains

Skill      XL: |  1  2  3  4  5 |
---------------+----------------+-----
Fighting       | 2 3 4 5 |  5.0
Polearms       | 1 2 |  2.0
Unarmed Combat | 2 |  2.4
Dodging        | |  1.7
Stealth        | |  1.7
Spellcasting   | |  2.0
Air Magic      | |  1.0

Action                   |  1- 3 |  4- 6 || total
-------------------------+-------+-------++-------
Melee: Club              |    71 |       ||    71
       Punch             |     2 |       ||     2
       Dagger            |    43 |   124 ||   167
       Short sword       |       |    15 ||    15
 Fire: Hunting sling     |       |    47 ||    47
Throw: Dart              |    42 |    29 ||    71
       Stone             |     1 |       ||     1
 Cast: Shock             |     5 |       ||     5
  Use: Potion            |       |     6 ||     6
Armor: Leather armour    |    34 |    29 ||    63
Dodge: Dodged            |    84 |    81 ||   165

Table legend: (Time is in decaauts)
 A = Elapsed time spent in this place.
 B = Non-inter-level travel time spent in this place.
 C = Inter-level travel time spent in this place.
 D = Time resting spent in this place.
 E = Time spent auto-exploring this place.
 F = Levels seen in this place.
 G = Mean time per level.
                   A        B        C        D        E       F      G
               +--------+--------+--------+--------+--------+-----+--------+
         Total |   4646 |   4578 |     68 |   2099 |   1672 |   3 | 1548.7 |
       Dungeon |   4646 |   4578 |     68 |   2099 |   1672 |   3 | 1548.7 |
               +--------+--------+--------+--------+--------+-----+--------+

Top non-repeatable levels by time:
     D:2: 2543 daAuts
     D:1: 1224 daAuts
     D:3: 878 daAuts
